 Dungeon Crawl Stone Soup version 0.26.0-16-gc1dbca0489 (webtiles) character file.

Game seed: 4177817904130204007

1794 acdeimund the Basher (level 8, -6/109 HPs)
             Began as a Minotaur Fighter on Jan 21, 2021.
             Was a Believer of Wu Jian.
             Killed by mirror damage (9 damage)
             ... on level 7 of the Dungeon.
             The game lasted 00:25:05 (6213 turns).

acdeimund the Basher (Minotaur Fighter)             Turns: 6213, Time: 00:25:05

Health: -6/109     AC: 24    Str: 28    XL:     8   Next: 82%
Magic:  7/7        EV:  8    Int:  5    God:    Wu Jian [**....]
Gold:   247        SH: 11    Dex: 11    Spells: 7/7 levels left

rFire    . . .     SeeInvis .   B - +2 mace (protect)
rCold    . . .     Faith    .   c - +0 kite shield
rNeg     . . .     Spirit   .   d - +3 plate armour
rPois    +         Reflect  .   (helmet restricted)
rElec    .         Harm     .   r - +0 cloak
rCorr    .         Rampage  .   (no gloves)
Will     +....                  (no boots)
Stlth    ..........             (no amulet)
HPRegen  0.28/turn              t - ring of poison resistance
MPRegen  0.10/turn              w - +6 ring of strength

@: berserking, lethally poisoned (-6 -> -17), protection aura, very quick
A: retaliatory headbutt, horns 2, repulsion field 1, strong-willed 1
a: Renounce Religion, Wall Jump


You were on level 7 of the Dungeon.
You worshipped Wu Jian.
Wu Jian was pleased with you.
You visited 1 branch of the dungeon, and saw 7 of its levels.

You collected 247 gold pieces.

Inventory:

Hand Weapons
 a - a +0 flail
 B - a +2 mace of protection (weapon)
 F - a +0 arbalest
 G - a +1 whip of venom
 H - a +2 battleaxe of flaming
 L - a +0 morningstar
Missiles
 s - 5 boomerangs
 I - 32 poisoned darts
Armour
 b - a +0 scale mail
 c - a +0 kite shield (worn)
 d - a +3 plate armour (worn)
 f - a +0 chain mail
 r - a +0 cloak (worn)
 y - a +1 ring mail of fire resistance
 z - a +3 chain mail
 C - a +1 ring mail of fire resistance
Jewellery
 t - a ring of poison resistance (left hand)
 w - a +6 ring of strength (right hand)
Wands
 i - a wand of flame (15) (quivered)
 D - a wand of polymorph (10)
 J - a wand of paralysis (10)
Scrolls
 e - 4 scrolls of remove curse
 g - 5 scrolls of teleportation
 j - 3 scrolls of identify
 k - a scroll of enchant weapon {unknown}
 n - 3 scrolls of enchant armour
Potions
 h - a potion of brilliance
 l - a potion of berserk rage
 o - 2 potions of cancellation
 p - 4 potions of mutation
 u - 3 potions of degeneration
 v - a potion of magic
 x - a potion of flight
 E - a potion of curing
 K - a potion of ambrosia


   Skills:
 + Level 7.1 Fighting
 * Level 9.0 Maces & Flails
 + Level 7.1 Armour
 + Level 7.1 Shields


You had 7 spell levels left.
You didn't know any spells.
Your spell library was empty.

Dungeon Overview and Level Annotations

Branches:
Dungeon (7/15)             Temple (0/1) D:5

Altars:
Fedhas
Kikubaaqudgha
Okawaru
Trog
Vehumet
Wu Jian
The Shining One
Beogh

Shops:
D:4 :

Annotations:
D:3 exclusion: oklob plant


Innate Abilities, Weirdness & Mutations

You reflexively headbutt those who attack you in melee.
You have a pair of horns on your head.
You are surrounded by a mild repulsion field. (EV +2)
You are strong-willed. (Will+)


Message History

The death knight is heavily wounded.
* * * LOW HITPOINT WARNING * * *
You feel sick.
You closely miss the death knight.
The death knight is heavily wounded.
* * * LOW HITPOINT WARNING * * *
You feel sick. You block the death knight's attack.
You sock the death knight!
The death knight is severely wounded.
* * * LOW HITPOINT WARNING * * *
You feel sick.
You closely miss the death knight. You headbutt the death knight!
The death knight is severely wounded.
* * * LOW HITPOINT WARNING * * *
You feel sick.
The death knight offers itself to Yredelemnul, and fills with unholy energy.
You barely miss the death knight. You headbutt the death knight!
The death knight is almost dead.
The death knight reflects your damage back at you!
You die...

#.## #.# #... #.# #
#..##.#.###.#####
#.#..##.#...<.....#
#.#..##.#.####.##.#
.....##.#.#....##.##
#.#.##(.............
.######.#.##).#.........##
........#@##..###.####..##
........#p#.............##
..........#...###.####.###
..#######.#...# #.........
#.#...########.###
#.#...............
...###.#..########.....
...........# #.........#
...........###.#####.###


You could see a death knight (reflects damage).

Vanquished Creatures
  Menkaure (D:6)
  A black bear (D:6)
  An orc warrior (D:3)
  2 phantoms (D:4)
  A centaur (D:5)
  3 ogres
  A bullfrog (D:6)
  A big kobold (D:6)
  2 scorpions
  A bullfrog zombie (D:5)
  2 hounds (D:6)
  A bullfrog skeleton (D:4)
  5 orc priests
  2 orc wizards
  A centaur skeleton (D:7)
  Terence (D:3)
  3 worker ants
  A hound skeleton (D:7)
  A worker ant zombie (D:5)
  10 adders
  A white imp (D:5)
  2 oozes (D:3)
  6 worms
  The ghost of fiver49 the Sneak, a weakling DrDe (D:3)
  2 leopard geckos
  28 orcs
  A ball python (D:2)
  7 bats
  3 giant cockroaches
  5 goblins
  8 hobgoblins
  25 kobolds
  2 quokkas
  A ball python skeleton (D:4)
  6 frilled lizards
  A quokka skeleton (D:6)
  7 rats
147 creatures vanquished.

Vanquished Creatures (others)
  14 fungi (D:3)
  20 plants
34 creatures vanquished.

Grand Total: 181 creatures vanquished

Notes
Turn   | Place    | Note
-------+----------+-------------------------------------------
     0 | D:1      | acdeimund the Minotaur Fighter began the quest for the Orb.
     0 | D:1      | Reached XP level 1. HP: 19/19 MP: 0/0
   803 | D:2      | Reached XP level 2. HP: 27/27 MP: 1/1
   947 | D:2      | Reached skill level 3 in Maces & Flails
   947 | D:2      | Reached XP level 3. HP: 17/33 MP: 2/2
  1420 | D:2      | Found a glowing golden altar of the Shining One.
  1420 | D:2      | Found an ornate altar of the Wu Jian Council.
  1423 | D:2      | Found an ancient bone altar of Kikubaaqudgha.
  1430 | D:2      | Became a worshipper of the Wu Jian Council
  1658 | D:2      | Reached XP level 4. HP: 24/40 MP: 3/3
  2219 | D:3      | Reached skill level 4 in Maces & Flails
  2395 | D:3      | Noticed Terence
  2406 | D:3      | Killed Terence
  2407 | D:3      | Reached XP level 5. HP: 43/47 MP: 4/4
  2635 | D:3      | Found a radiant altar of Vehumet.
  2688 | D:3      | Reached * piety under Wu Jian
  2729 | D:3      | Found a blossoming altar of Fedhas.
  2758 | D:3      | Noticed an oklob plant
  2903 | D:4      | Found a runed translucent gate.
  2903 | D:4      | Noticed fiver49's ghost (weakling DrDe)
  2904 | D:4      | Found a runed translucent gate.
  2904 | D:4      | Identified the cursed +1 whip of Sulphur {flame, Fragile
                  | rPois Str+10}
  2905 | D:4      | Found a roughly hewn altar of Beogh.
  2905 | D:4      | Found a runed translucent gate.
  2908 | D:4      | Identified the +2 quarterstaff of Goodiadi {freeze, rN+
                  | Str-4 Stlth+}
  2908 | D:4      | Noticed an orc warrior
  2937 | D:3      | HP: 2/47 [orc warrior/the +2 quarterstaff of Goodiadi
                  | {freeze, rN+ Str-4 Stlth+} (5)]
  2939 | D:3      | Killed an orc warrior
  2940 | D:3      | Reached skill level 5 in Maces & Flails
  2940 | D:3      | Reached XP level 6. HP: 3/55 MP: 5/5
  3236 | D:3      | Gained mutation: You are strong-willed. (Will+) [potion of
                  | mutation]
  3236 | D:3      | Gained mutation: You are surrounded by a mild repulsion
                  | field. (EV +2) [potion of mutation]
  3248 | D:3      | Killed fiver49's ghost
  3249 | D:3      | Reached skill level 5 in Armour
  3265 | D:4      | Reached skill level 5 in Fighting
  3265 | D:4      | Reached skill level 5 in Shields
  3367 | D:4      | Found Beodiwk's Book Emporium.
  3450 | D:4      | You fall into a shaft and drop 3 floors!
  3502 | D:7      | Reached skill level 6 in Maces & Flails
  3502 | D:7      | Reached XP level 7. HP: 50/61 MP: 6/6
  3586 | D:6      | Found an iron altar of Okawaru.
  3589 | D:5      | Entered Level 5 of the Dungeon
  3910 | D:4      | Reached skill level 7 in Maces & Flails
  4423 | D:5      | Found a staircase to the Ecumenical Temple.
  4518 | D:5      | Reached XP level 8. HP: 70/70 MP: 7/7
  4544 | D:5      | Noticed a moth of wrath
  4547 | D:5      | Found a bloodstained altar of Trog.
  4558 | D:5      | Reached ** piety under Wu Jian
  5049 | D:6      | Reached skill level 8 in Maces & Flails
  5077 | D:6      | Noticed Menkaure
  5300 | D:6      | Killed Menkaure
  6145 | D:7      | Reached skill level 9 in Maces & Flails
  6188 | D:7      | Noticed a death knight
  6210 | D:7      | HP: 5/109 [poisoned by a death knight]
  6213 | D:7      | Killed by mirror damage

Illustrated notes

Levels and vault maps discovered:
D:1:      mrwooster_arrival_arrow, layout_loops_ring, serial_bayou,
          serial_bayou_pond_a, serial_bayou_ford_a, serial_bayou_shore_a,
          serial_bayou_pond_e
D:2:      layout_basic, chequers_temple_overflow_statue_of_worship
D:3:      layout_rooms, general_overflow_altar, tgw_fedhas, minivault_26,
          minmay_misc_feat_enclosed, minmay_circle_x, uniq_terence
D:4:      layout_basic, biasface_ghost_orc_armoury, serial_shops,
          nicolae_shop_trees
D:5:      layout_loops_ring, minmay_temple_entry_mist, tgw_trog
D:6:      kennysheep_kobold_camp, layout_basic, okawaru_trees_2, uniq_menkaure
D:7:      layout_basic, nicolae_ru_great_annihilating_truth

Skill      XL: |  1  2  3  4  5  6  7  8 |
---------------+-------------------------+-----
Armour         | 4 5 6 7 |  7.1
Fighting       | 4 5 6 7 |  7.1
Maces & Flails | 3 4 5 6 7 9 |  9.0
Shields        | 4 5 6 7 |  7.1

Action                   |  1- 3 |  4- 6 |  7- 9 || total
-------------------------+-------+-------+-------++-------
Melee: Flail             |    72 |   126 |       ||   198
       Headbutt          |     5 |    24 |    53 ||    82
       Whip              |       |    32 |    38 ||    70
       Mace              |       |       |   153 ||   153
Throw: Boomerang         |       |     4 |       ||     4
Invok: Lunge             |     1 |     9 |    19 ||    29
       Whirlwind         |       |     1 |     7 ||     8
 Abil: Wall Jump         |       |       |     1 ||     1
Evoke: Wand              |       |       |     2 ||     2
  Use: Potion            |       |     5 |     1 ||     6
       Scroll            |       |       |    13 ||    13
Armor: Chain mail        |    36 |    76 |    27 ||   139
       Plate armour      |       |    25 |    19 ||    44
Dodge: Dodged            |    17 |    44 |    49 ||   110
Block: Kite shield       |    44 |    95 |    71 ||   210
